General information
- name: BNet
- type: Ladder team game (AT/RT)
- host: Battle.net
- saver: TheJerk
map: Deathknell
- players: 8
- length: 36:49
- speed: Fast
- version: 1.26 W3XP
- replay type: Public
» download(167 KB)
Players
team 1 (winner)
NaiLz7768 (
yellow | 36 APM | 1295 actions | 36:24)
3 Blademaster
2 Wind Walk
1 Critical Strike
3 Shadow Hunter
1 Healing Wave
1 Hex
1 Serpent Ward
» actions
| Assign group hotkey | 7 | |
| Basic commands | 4 | |
| Build / train | 71 | |
| ESC pressed | 1 | |
| Enter build submenu | 30 | |
| Enter hero's abilities submenu | 6 | |
| Give item / drop item | 1 | |
| Remove unit from queue | 6 | |
| Right click | 392 | |
| Select / deselect | 218 | |
| Select group hotkey | 414 | |
| Use ability | 145 | |
1295 total
» units
| Peon | 23 | |
| Wind Rider | 6 | |
| Goblin Sapper | 1 | |
| Goblin Shredder | 3 | |
| Raider | 2 | |
35 total
» upgrades
| Spiked Barricades | 1 | |
| Ranged Weapons | 3 | |
| Armor | 1 | |
| Reinforced Defenses | 1 | |
| Melee Weapons | 2 | |
| Pillage | 1 | |
| Ensnare | 1 | |
| Shaman Training | 1 | |
| Witch Doctor Training | 1 | |
12 total
» buildings
| Altar of Storms | 1 | |
| Orc Burrow | 11 | |
| Voodoo Lounge | 1 | |
| Stronghold | 1 | |
| War Mill | 1 | |
| Beastiary | 2 | |
| Great Hall | 5 | |
| Fortress | 1 | |
| Spirit Lodge | 2 | |
| Watch Tower | 4 | |
29 total
» build order
00:12 Altar of Storms
00:20 Orc Burrow
01:09 Voodoo Lounge
01:53 Stronghold
02:28 Orc Burrow
02:48 War Mill
03:30 Orc Burrow
04:22 Beastiary
04:28 Beastiary
06:44 Orc Burrow
07:20 Great Hall
08:46 Orc Burrow
09:26 Fortress
12:23 Spirit Lodge
12:26 Spirit Lodge
12:55 Orc Burrow
13:50 Watch Tower
13:53 Watch Tower
14:48 Orc Burrow
14:57 Orc Burrow
16:17 Great Hall
18:03 Great Hall
18:07 Watch Tower
18:57 Orc Burrow
21:12 Great Hall
22:40 Watch Tower
25:43 Orc Burrow
26:45 Great Hall
29:57 Orc Burrow
» items
| Healing Salve | 2 | |
| Lesser Clarity Potion | 6 | |
| Orb of Lightning | 2 | |
| Scroll of Town Portal | 1 | |
| Tiny Great Hall | 1 | |
12 total
TheJerk (
blue | 38 APM | 1405 actions | 36:49)
4 Blademaster
2 Wind Walk
2 Critical Strike
» actions
| Assign group hotkey | 33 | |
| Basic commands | 237 | |
| Build / train | 59 | |
| Enter build submenu | 55 | |
| Enter hero's abilities submenu | 4 | |
| Give item / drop item | 7 | |
| Right click | 402 | |
| Select / deselect | 297 | |
| Select group hotkey | 180 | |
| Use ability | 131 | |
1405 total
» units
| Peon | 8 | |
| Grunt | 4 | |
| Goblin Shredder | 1 | |
| Wind Rider | 7 | |
| Goblin Sapper | 6 | |
| Goblin Zeppelin | 2 | |
28 total
» upgrades
| Ranged Weapons | 3 | |
| Armor | 3 | |
| Reinforced Defenses | 1 | |
| Envenomed Spears | 1 | |
| Troll Regeneration | 1 | |
| Pillage | 1 | |
| Ensnare | 1 | |
| Liquid Fire | 1 | |
12 total
» buildings
| Orc Burrow | 20 | |
| Altar of Storms | 1 | |
| Barracks | 1 | |
| Voodoo Lounge | 2 | |
| Stronghold | 1 | |
| War Mill | 2 | |
| Great Hall | 2 | |
| Beastiary | 4 | |
| Watch Tower | 20 | |
| Fortress | 1 | |
54 total
» build order
00:11 Orc Burrow
00:51 Altar of Storms
00:52 Barracks
01:07 Orc Burrow
01:38 Voodoo Lounge
02:51 Stronghold
03:51 Orc Burrow
04:11 War Mill
05:16 Great Hall
05:44 Beastiary
05:44 Beastiary
07:04 Watch Tower
07:04 Watch Tower
07:05 Watch Tower
07:14 Voodoo Lounge
07:50 Orc Burrow
10:04 War Mill
11:26 Fortress
12:12 Beastiary
12:13 Beastiary
13:07 Watch Tower
13:08 Watch Tower
13:09 Watch Tower
13:09 Watch Tower
13:34 Watch Tower
13:35 Watch Tower
13:36 Watch Tower
13:37 Watch Tower
13:39 Watch Tower
13:40 Watch Tower
13:50 Watch Tower
13:54 Watch Tower
13:54 Watch Tower
13:56 Watch Tower
13:56 Watch Tower
14:02 Watch Tower
19:06 Orc Burrow
19:08 Orc Burrow
19:10 Orc Burrow
19:13 Orc Burrow
19:14 Orc Burrow
19:16 Orc Burrow
19:19 Orc Burrow
19:21 Orc Burrow
19:22 Orc Burrow
19:27 Orc Burrow
19:45 Orc Burrow
19:51 Orc Burrow
19:55 Orc Burrow
19:57 Orc Burrow
20:03 Orc Burrow
20:06 Orc Burrow
22:00 Great Hall
» items
| Healing Salve | 7 | |
| Potion of Healing | 1 | |
| Scroll of Town Portal | 2 | |
| Lesser Clarity Potion | 1 | |
| Orb of Lightning | 1 | |
12 total
JERKDERK2 (
red | 50 APM | 1324 actions | 26:23)
1 Far Seer
1 Feral Spirit
» actions
| Assign group hotkey | 16 | |
| Basic commands | 73 | |
| Build / train | 70 | |
| Enter build submenu | 11 | |
| Enter hero's abilities submenu | 1 | |
| Remove unit from queue | 4 | |
| Right click | 596 | |
| Select / deselect | 204 | |
| Select group hotkey | 297 | |
| Use ability | 52 | |
1324 total
» units
| Peon | 8 | |
| Troll Batrider | 14 | |
| Goblin Sapper | 12 | |
| Wind Rider | 4 | |
| Goblin Shredder | 1 | |
| Goblin Zeppelin | 1 | |
40 total
» upgrades
| Ranged Weapons | 1 | |
| Reinforced Defenses | 1 | |
2 total
» buildings
| Orc Burrow | 4 | |
| Stronghold | 1 | |
| War Mill | 1 | |
| Altar of Storms | 1 | |
| Voodoo Lounge | 1 | |
| Beastiary | 2 | |
| Fortress | 2 | |
| Watch Tower | 8 | |
20 total
» build order
00:26 Orc Burrow
01:36 Stronghold
01:40 War Mill
01:53 Altar of Storms
02:10 Voodoo Lounge
02:51 Orc Burrow
03:59 Beastiary
04:21 Beastiary
05:30 Orc Burrow
05:46 Orc Burrow
06:57 Fortress
10:41 Watch Tower
10:42 Watch Tower
10:42 Watch Tower
10:42 Watch Tower
10:44 Watch Tower
10:44 Watch Tower
10:45 Watch Tower
10:46 Watch Tower
» items
| Healing Salve | 4 | |
| Potion of Healing | 13 | |
17 total
a.user.name (
pink | 22 APM | 500 actions | 22:41)
5 Tauren Chieftain
2 War Stomp
3 Endurance Aura
» actions
| Basic commands | 25 | |
| Build / train | 56 | |
| ESC pressed | 3 | |
| Enter build submenu | 18 | |
| Enter hero's abilities submenu | 5 | |
| Remove unit from queue | 1 | |
| Right click | 177 | |
| Select / deselect | 156 | |
| Use ability | 59 | |
500 total
» units
| Peon | 16 | |
| Grunt | 9 | |
| Shaman | 4 | |
| Tauren | 3 | |
32 total
» upgrades
| Armor | 2 | |
| Berserker Strength | 1 | |
| Shaman Training | 2 | |
| Melee Weapons | 2 | |
| Pillage | 1 | |
8 total
» buildings
| Barracks | 1 | |
| Orc Burrow | 7 | |
| Altar of Storms | 1 | |
| Stronghold | 1 | |
| War Mill | 1 | |
| Voodoo Lounge | 1 | |
| Fortress | 1 | |
| Spirit Lodge | 1 | |
| Great Hall | 3 | |
| Tauren Totem | 2 | |
19 total
» build order
00:08 Barracks
00:10 Orc Burrow
01:03 Altar of Storms
02:45 Orc Burrow
04:24 Orc Burrow
04:27 Stronghold
04:42 War Mill
05:37 Orc Burrow
05:43 Voodoo Lounge
07:15 Fortress
07:21 Spirit Lodge
09:56 Great Hall
11:12 Tauren Totem
11:20 Tauren Totem
12:43 Orc Burrow
14:26 Orc Burrow
15:17 Great Hall
15:23 Orc Burrow
17:29 Great Hall
» items
| Healing Salve | 3 | |
| Scroll of Speed | 2 | |
| Orb of Lightning | 2 | |
7 total
team 2 (loser)
insain (
purple | 60 APM | 672 actions | 11:16)
4 Death Knight
2 Death Coil
1 Death Pact
1 Unholy Aura
» actions
| Build / train | 36 | |
| Enter build submenu | 15 | |
| Enter hero's abilities submenu | 4 | |
| Remove unit from queue | 3 | |
| Right click | 421 | |
| Select / deselect | 166 | |
| Use ability | 27 | |
672 total
» units
| Acolyte | 3 | |
| Ghoul | 6 | |
| Crypt Fiend | 7 | |
16 total
» upgrades
| Creature Attack | 1 | |
| Creature Carapace | 2 | |
| Web | 0 | |
3 total
» buildings
| Graveyard | 1 | |
| Crypt | 1 | |
| Ziggurat | 4 | |
| Altar of Darkness | 1 | |
| Spirit Tower | 2 | |
| Nerubian Tower | 2 | |
| Halls of the Dead | 3 | |
| Tomb of Relics | 1 | |
| Black Citadel | 2 | |
17 total
» build order
00:43 Graveyard
00:50 Crypt
00:54 Ziggurat
01:13 Altar of Darkness
01:27 Ziggurat
02:37 Spirit Tower
02:53 Ziggurat
04:26 Nerubian Tower
04:27 Nerubian Tower
05:12 Halls of the Dead
05:12 Halls of the Dead
05:13 Halls of the Dead
05:29 Tomb of Relics
07:32 Ziggurat
08:03 Black Citadel
08:03 Black Citadel
» items
yomamaismine (
orange | 54 APM | 601 actions | 11:12)
3 Blademaster
1 Wind Walk
2 Critical Strike
» actions
| Assign group hotkey | 8 | |
| Build / train | 44 | |
| Enter build submenu | 21 | |
| Enter hero's abilities submenu | 3 | |
| Remove unit from queue | 10 | |
| Right click | 195 | |
| Select / deselect | 121 | |
| Select group hotkey | 155 | |
| Use ability | 44 | |
601 total
» units
| Peon | 5 | |
| Grunt | 8 | |
| Troll Headhunter/Berserker | 4 | |
17 total
» upgrades
| Pillage | 1 | |
| Spiked Barricades | 1 | |
| Armor | 2 | |
| Berserker Strength | 1 | |
5 total
» buildings
| Altar of Storms | 1 | |
| Orc Burrow | 5 | |
| Barracks | 1 | |
| War Mill | 1 | |
| Watch Tower | 8 | |
| Voodoo Lounge | 1 | |
| Great Hall | 1 | |
| Stronghold | 2 | |
| Fortress | 1 | |
21 total
» build order
00:09 Altar of Storms
00:23 Orc Burrow
00:46 Barracks
01:14 War Mill
01:44 Orc Burrow
02:33 Watch Tower
02:47 Orc Burrow
03:00 Watch Tower
04:25 Voodoo Lounge
04:31 Watch Tower
04:37 Watch Tower
04:50 Orc Burrow
05:01 Watch Tower
05:10 Watch Tower
06:14 Great Hall
06:54 Stronghold
06:54 Stronghold
07:56 Orc Burrow
09:57 Watch Tower
09:58 Fortress
10:01 Watch Tower
» items
| Healing Salve | 2 | |
| Scroll of Speed | 1 | |
| Lesser Clarity Potion | 1 | |
4 total
7131374576 (
green | 79 APM | 2894 actions | 36:48)
8 Mountain King
3 Storm Bolt
3 Bash
1 Avatar
1 Thunder Clap
» actions
| Assign group hotkey | 49 | |
| Basic commands | 93 | |
| Build / train | 179 | |
| Enter build submenu | 62 | |
| Enter hero's abilities submenu | 8 | |
| Give item / drop item | 6 | |
| Right click | 1076 | |
| Select / deselect | 363 | |
| Select group hotkey | 799 | |
| Use ability | 259 | |
2894 total
» units
| Peasant | 13 | |
| Footman | 4 | |
| Goblin Shredder | 5 | |
| Dragonhawk Rider | 8 | |
| Peon | 4 | |
34 total
» upgrades
| Masonry | 3 | |
| Armor | 4 | |
| Animal War Training | 1 | |
| Web | 1 | |
| Burrow | 1 | |
| Cloud | 1 | |
| Reinforced Defenses | 1 | |
| Storm Hammers | 1 | |
| Swords | 1 | |
| Spiked Barricades | 2 | |
| Melee Weapons | 1 | |
| Ranged Weapons | 1 | |
18 total
» buildings
| Altar of Kings | 1 | |
| Barracks | 1 | |
| Farm | 5 | |
| Scout Tower | 26 | |
| Arcane Vault | 1 | |
| Arcane Tower | 7 | |
| Lumber Mill | 2 | |
| Guard Tower | 39 | |
| Town Hall | 1 | |
| Keep | 5 | |
| Castle | 5 | |
| Gryphon Aviary | 3 | |
| Blacksmith | 1 | |
| Watch Tower | 17 | |
| Ziggurat | 5 | |
| Spirit Tower | 10 | |
129 total
» build order
00:50 Altar of Kings
00:51 Barracks
00:55 Farm
01:04 Farm
01:20 Farm
01:49 Scout Tower
02:17 Arcane Vault
02:20 Arcane Tower
02:20 Arcane Tower
02:30 Lumber Mill
02:34 Lumber Mill
02:40 Scout Tower
02:44 Scout Tower
03:34 Guard Tower
03:34 Guard Tower
03:34 Guard Tower
04:22 Farm
05:03 Town Hall
05:06 Scout Tower
05:08 Scout Tower
05:11 Scout Tower
05:14 Scout Tower
05:52 Arcane Tower
05:53 Arcane Tower
05:53 Arcane Tower
05:53 Guard Tower
05:54 Guard Tower
06:34 Keep
06:34 Keep
06:35 Keep
06:35 Keep
06:45 Scout Tower
06:46 Scout Tower
06:48 Scout Tower
06:52 Scout Tower
07:36 Guard Tower
07:37 Guard Tower
07:37 Guard Tower
07:37 Guard Tower
07:43 Guard Tower
07:43 Guard Tower
07:44 Guard Tower
07:54 Guard Tower
08:08 Scout Tower
08:09 Scout Tower
08:11 Scout Tower
08:14 Guard Tower
08:15 Guard Tower
08:15 Guard Tower
08:44 Guard Tower
10:23 Castle
10:23 Castle
10:23 Castle
10:23 Castle
10:47 Gryphon Aviary
10:48 Gryphon Aviary
10:49 Gryphon Aviary
10:51 Blacksmith
11:45 Watch Tower
11:46 Watch Tower
12:35 Scout Tower
12:35 Scout Tower
12:36 Scout Tower
12:36 Scout Tower
12:42 Ziggurat
12:43 Spirit Tower
12:43 Spirit Tower
12:45 Ziggurat
12:46 Ziggurat
12:47 Ziggurat
12:53 Ziggurat
13:10 Scout Tower
13:12 Scout Tower
13:12 Scout Tower
13:27 Spirit Tower
13:52 Guard Tower
13:53 Guard Tower
13:55 Farm
14:19 Spirit Tower
14:19 Spirit Tower
14:19 Spirit Tower
14:41 Scout Tower
14:42 Guard Tower
15:07 Scout Tower
15:08 Scout Tower
15:08 Scout Tower
15:09 Scout Tower
15:21 Guard Tower
15:21 Guard Tower
15:57 Guard Tower
17:15 Watch Tower
17:18 Watch Tower
17:39 Watch Tower
17:39 Watch Tower
17:41 Watch Tower
17:42 Watch Tower
17:42 Watch Tower
17:44 Watch Tower
17:44 Watch Tower
17:45 Watch Tower
18:02 Guard Tower
18:02 Guard Tower
18:43 Watch Tower
19:18 Watch Tower
19:27 Watch Tower
19:27 Watch Tower
19:31 Watch Tower
» items
| Lesser Clarity Potion | 3 | |
| Scroll of Regeneration | 6 | |
| Mechanical Critter | 3 | |
| Dust of Appearance | 2 | |
| Staff of Sanctuary | 1 | |
15 total

»
trasherkiller (
teal | 66 APM | 730 actions | 11:07)
3 Death Knight
2 Death Coil
1 Unholy Aura
» actions
| Assign group hotkey | 13 | |
| Basic commands | 101 | |
| Build / train | 42 | |
| ESC pressed | 1 | |
| Enter build submenu | 19 | |
| Enter hero's abilities submenu | 3 | |
| Right click | 186 | |
| Select / deselect | 195 | |
| Select group hotkey | 115 | |
| Use ability | 55 | |
730 total
» units
| Acolyte | 9 | |
| Ghoul | 4 | |
| Crypt Fiend | 7 | |
20 total
» upgrades
| Creature Attack | 1 | |
| Creature Carapace | 1 | |
| Web | 1 | |
3 total
» buildings
| Crypt | 2 | |
| Graveyard | 1 | |
| Ziggurat | 10 | |
| Altar of Darkness | 1 | |
| Tomb of Relics | 1 | |
| Nerubian Tower | 3 | |
| Spirit Tower | 4 | |
| Halls of the Dead | 1 | |
| Black Citadel | 1 | |
24 total
» build order
00:10 Crypt
00:12 Graveyard
00:47 Ziggurat
01:06 Altar of Darkness
01:31 Tomb of Relics
01:57 Ziggurat
02:32 Nerubian Tower
02:49 Nerubian Tower
02:51 Spirit Tower
04:34 Ziggurat
04:37 Ziggurat
05:09 Ziggurat
05:30 Ziggurat
05:32 Spirit Tower
06:03 Nerubian Tower
06:31 Spirit Tower
07:28 Halls of the Dead
07:50 Ziggurat
07:53 Ziggurat
08:55 Spirit Tower
09:00 Ziggurat
09:17 Ziggurat
09:52 Black Citadel
10:10 Crypt
» items
| Rod of Necromancy | 2 | |
| Dust of Appearance | 1 | |
| Sacrificial Skull | 1 | |
4 total
Chat log
(00:27 / Allies) NaiLz7768: fast air
(00:34 / Allies) TheJerk: fast air
(00:43 / All) trasherkiller: fucking 4 bms
(00:48 / All) NaiLz7768: cry
(00:51 / All) JERKDERK2: tower up durrrr
(01:14 / All) 7131374576: you'll be doing lots of crying
(02:00 / Allies) JERKDERK2: hero yellow?
(02:01 / Allies) JERKDERK2: m ebm
(02:08 / Allies) TheJerk: me bm
(02:25 / Allies) JERKDERK2: hit htere
(02:27 / All) TheJerk: I'm going blademaster
(02:33 / Allies) NaiLz7768: k
(03:45 / All) JERKDERK2: ya mh teal? u made a 6th acolyte
(04:54 / Allies) JERKDERK2: wood
(04:59 / Allies) JERKDERK2: who want shredder
(05:10 / Allies) TheJerk: me
(05:24 / Allies) TheJerk: send da wolves ass
(06:21 / Allies) JERKDERK2: from aus pink?
(06:25 / Allies) TheJerk: a user name
(06:31 / Allies) a.user.name: nope
(06:38 / Allies) a.user.name: why?
(06:40 / Allies) JERKDERK2: u are not pink, blue
(07:50 / Allies) JERKDERK2: want ot hit teal expo nail
(07:55 / Allies) JERKDERK2: are u nail from dragonballz
(08:29 / Allies) a.user.name: i like to think i am
(09:40 / All) 7131374576: Teal took my pendant of energy and won't even reply in allied chat
(10:02 / Allies) JERKDERK2: buy sapper
(10:34 / All) JERKDERK2: damn purple gtfo out of ur base
(11:39 / All) NaiLz7768: u can leave
(11:51 / All) 7131374576: you can stay and get raped
(16:11 / All) 7131374576: pro bm control LOL
(16:28 / Allies) NaiLz7768: dude
(16:29 / Allies) TheJerk: You mmade a big mistake
(16:38 / Allies) NaiLz7768: any reason for this?
(16:45 / Allies) TheJerk: I want to watch you cry, boy
(16:46 / Allies) NaiLz7768: what mistake was that
(16:53 / Allies) TheJerk: You tp'd to the wrong neighborhood
(16:56 / Allies) TheJerk: I run this turf
(17:02 / Allies) NaiLz7768: ok then
(17:07 / Allies) TheJerk: so get out
(17:12 / Allies) NaiLz7768: naw
(17:43 / Allies) a.user.name: red you piece of shit
(17:49 / All) JERKDERK2: DEATH TO AUSTRALIA
(17:55 / All) JERKDERK2: LONG LIVE ENGLAND
(18:00 / All) 7131374576: Out
(18:26 / All) JERKDERK2: very SNEAKY NAIL
(18:29 / All) JERKDERK2: PICCOLO I MEAN
(18:39 / Allies) a.user.name: yamcha?
(18:53 / All) TheJerk: TEAM KILLER
(18:56 / All) TheJerk: TRAITOR
(19:06 / Allies) a.user.name: yea he did it first
(19:10 / Allies) NaiLz7768: did i?
(19:14 / Allies) NaiLz7768: i dont think i did
(19:19 / Allies) a.user.name: red did
(19:28 / Allies) NaiLz7768: damn this team
(19:48 / Allies) a.user.name: lol
(20:01 / All) JERKDERK2: SNEAKY worm
(20:14 / Allies) NaiLz7768: pink gold me
(20:25 / Allies) a.user.name: why
(20:29 / Allies) NaiLz7768: i dk
(20:30 / Allies) a.user.name: you dont have much
(20:51 / Allies) a.user.name: well your the only one who didnt tk
(20:52 / All) 7131374576: you lose noobs
(21:06 / All) 7131374576: out, I 1v4
(21:15 / All) 7131374576: noob blue red pink orange
(21:21 / All) a.user.name: ill give you credit for trying
(21:22 / All) 7131374576: 1v4, you noob?
(21:26 / All) a.user.name: we had 2 tks
(21:30 / All) 7131374576: excuses noob
(21:32 / All) a.user.name: good job though
(21:33 / All) 7131374576: I had 3 tks
(21:38 / All) 7131374576: my whole team tk me by leaving
(21:45 / All) a.user.name: not exactly tk
(21:48 / All) TheJerk: that's a burning T in your lawn
(21:48 / All) 7131374576: you're noob
(21:52 / All) TheJerk: for time to get out! NIGGER
(21:54 / All) 7131374576: excuse you sucking by crying tk
(21:56 / All) 7131374576: total noob lol
(22:07 / All) a.user.name: ha yea
(22:11 / All) a.user.name: well good job
(22:12 / All) JERKDERK2: wtf a burning cross at yellows base
(22:22 / All) a.user.name: LOL
(23:03 / All) 7131374576: that burning cross is oldskool
(23:21 / All) 7131374576: crybaby yellow lol
(23:23 / All) 7131374576: cry more
(23:27 / All) NaiLz7768: naw
(23:31 / All) 7131374576: cry cry
(23:58 / All) 7131374576: owned
(24:00 / All) 7131374576: cry more
(24:01 / All) 7131374576: cry cry lol
(24:04 / All) TheJerk: like I said
(24:05 / All) NaiLz7768: is ok
(24:07 / All) 7131374576: cry
(24:07 / All) TheJerk: you came to the wrong neighbor
(24:10 / All) NaiLz7768: just a game
(24:11 / All) TheJerk: your kind ain't welcome hre
(24:12 / All) 7131374576: 24-22
(24:15 / All) NaiLz7768: glad u guys are having fun
(26:06 / All) TheJerk: 660 energy on level 4 bm
(26:12 / Allies) NaiLz7768: nice
(26:16 / All) 7131374576: I can feed fiends if you want
(26:19 / All) 7131374576: wow holy fuck you have 2 pendants
(26:22 / All) TheJerk: That's aight
(26:24 / All) 7131374576: I should've just asked for one rather than attack teal LAWL
(26:30 / All) TheJerk: lel
(26:33 / All) 7131374576: I was pissed
(26:38 / All) 7131374576: I didn't want to get rid of an item
(26:41 / All) 7131374576: figured it would be a bad drop
(26:46 / All) 7131374576: at last second I thought I bet this will be a pendant
(26:49 / All) 7131374576: and it was a fucking pendant
(26:53 / All) TheJerk: did he ninja you
(27:01 / All) 7131374576: he refused to give it to me I offered to trade ring of regen I took from a camp we crept together
(27:08 / All) 7131374576: which he said I ninjaed but I was going for that camp at the same time
(27:17 / All) TheJerk: it's best on mk
(27:19 / All) 7131374576: He didn't understand the logic of wanting pendant on the MK vs 4 orc
(27:21 / All) TheJerk: to spam bolt
(27:26 / All) 7131374576: yeah
(27:34 / All) TheJerk: MK is the hero killer extraordinaire
(27:44 / All) TheJerk: Most hero kills I got is from going mk
(27:54 / All) TheJerk: Over BM which gets cheap kills too
(28:04 / All) 7131374576: only thing is I get no boots of speed whenever I go mk since it's on a map like this
(28:16 / All) 7131374576: I go it on small maps like feralas and when there's so many orc
(28:27 / All) 7131374576: in case they know how to use bms
(28:34 / Allies) NaiLz7768: ya
(29:34 / All) 7131374576: I'm lagging
(29:38 / Allies) NaiLz7768: ya
(29:39 / All) 7131374576: drophack?
(29:41 / Allies) NaiLz7768: we lost
(29:45 / All) TheJerk: not for me
(29:50 / Allies) NaiLz7768: how so
(31:02 / Allies) NaiLz7768: wow 7 k
(31:03 / Allies) NaiLz7768: lol
(31:12 / Allies) NaiLz7768: wouldnt wanna spare me some would ya :D
(31:14 / Allies) TheJerk: That's a paltry amount for me
(31:20 / Allies) TheJerk: Surely not
(32:01 / All) 7131374576: no boots sux
(32:12 / All) NaiLz7768: tru
(32:22 / All) NaiLz7768: no shop to buy either
(32:39 / All) 7131374576: I hate having mk and no boots
(32:43 / All) 7131374576: least bm has ww
(32:45 / All) NaiLz7768: does suck
(33:27 / All) TheJerk: hmmm
(33:33 / All) TheJerk: why did my wyvs fly thru that LOL
(33:33 / All) 7131374576: fuck
(33:37 / All) 7131374576: couldn't get to lab fast enough
(33:42 / All) 7131374576: why the hell can't you hotkey goblin labs
(33:49 / All) TheJerk: they neutral
(33:53 / All) 7131374576: it's bs
(33:53 / All) TheJerk: would be nice tho
(35:05 / Allies) TheJerk: no pot for you lol
(35:08 / Allies) TheJerk: TEEEHEEEE
(35:09 / All) NaiLz7768: |LOL
(35:28 / All) 7131374576: fucking christ clicked wrong shit
(35:52 / All) 7131374576: no goblin lab hotkey is ttoal bullshit
(36:20 / All) NaiLz7768: lol nice team
(36:22 / All) 7131374576: nice
(36:22 / All) NaiLz7768: gg
(36:23 / All) TheJerk: tag
(36:25 / All) TheJerk: you're it
(36:32 / All) TheJerk: he lose?
(36:41 / All) 7131374576: yeah